Gaheris, lawful female human Knight ---------- ------- -------- |.........#####...|...########### |......| ##-........| |....*| # |>.....| # -.-------- |.....| ### |.......#### ## ------- # |......| # ### -.--.--- ########## # #### -.--------################################## # |........--- ## -.---|--- # ##...........| ## |.....(.| # # |..........| # ##+#########....{^..| ## ### |..........| #+ ###|.......| ---.--- # |..........| # #--------- |...<..## |........--- +########### #####@# |.....| ---------- |.....| |.....| ------- Gaheris the Esquire Experience level: 3 Strength: 12 Dexterity: 9 Constitution: 12 Intelligence: 10 Wisdom: 15 Charisma: 17 Health: 35(35) Energy: 33(33) Def: 7 Gold: 247 Moves: 1401 Dungeon seed: dJ-348vKlJaBigMI Game ID: Gaheris_1441804757 Your Inventory: Coins $ - 247 gold pieces Weapons a - the blessed rustproof +1 Excalibur (weapon in hand) b - a +1 lance Armor e - an uncursed +1 ring mail (being worn) n - a blessed +0 helmet (being worn) q - an uncursed +0 small shield (being worn) r - a blessed +0 pair of leather gloves (being worn) y - an uncursed +0 orcish helm Comestibles c - 11 uncursed apples d - 12 uncursed carrots h - an uncursed fortune cookie i - an uncursed lichen corpse o - an uncursed egg t - an uncursed food ration Scrolls k - an uncursed scroll of light p - an uncursed scroll of identify s - an uncursed scroll of scare monster u - an uncursed scroll of fire v - an uncursed scroll of confuse monster w - an uncursed scroll of water B - an uncursed scroll of gold detection Potions l - a blessed potion of blindness Rings j - an uncursed ring of teleport control Wands g - a wand of digging (0:3) D - a wand of probing (0:4) Tools f - an uncursed leash A - an uncursed brass lantern (0:1240) Gems z - an uncursed worthless piece of white glass N - an uncursed worthless piece of blue glass Spells and supernatural/magical abilities: Name Level Category Fail Memory U - detect unseen 3 divination 100% 100% W - pray for help -- divine ? -- X - turn undead -- divine ? -- Y - supernatural jump -- ability ? -- Your skills at the end: Fighting Skills riding [Basic] Weapon Skills long sword [Basic] polearms [Basic] Spellcasting Skills Final Attributes: You were fervently aligned. You were level-drain resistant. You had automatic searching. You could jump. You survived. Vanquished creatures: a pony a shrieker an iguana a giant rat a gecko 2 jackals a fox a kobold a goblin 2 grid bugs 2 lichens a kobold zombie 8 newts 23 creatures vanquished. Voluntary challenges: You were an atheist. You used a wielded weapon 22 times, starting on turn 52. You read items or engraved 15 times, starting on turn 55. You never genocided any monsters. You never polymorphed an object. You never changed form. You used no wishes. You never split a pudding. You never wrote Elbereth's name. You never violated your personal moral code. Dungeon overview: The Dungeons of Doom: levels 1 to 3 Level 1 a fountain, a sink a long staircase Level 2 a fountain a long staircase Level 3 <- You were here a fountain History has recorded: On T:1 you entered the Dungeons of Doom to retrieve the Amulet of Yendor! On T:271 you reached level 2 of The Dungeons of Doom. On T:429 you advanced to experience level 2. On T:966 you reached level 3 of The Dungeons of Doom. On T:969 you advanced to experience level 3. Score breakdown: Gold: 247 ( 24 points) Experience: 3 levels ( 200 points) Exploration: 3 levels ( 60 points) Discoveries: 2 items ( 100 points) Variety of kills: 13 monsters ( 650 points) Major goal: (nothing yet) ( 0 points) Survival: quit (score multiplied by 3) Total score: 3102 Latest messages: You have a little trouble removing C - a dark brown spellbook. You have a little trouble removing D - a maple wand. To quit the game, use the 'save' command (typically on 'S'). Final status: Fare thee well Gaheris the Knight, quit... You quit in The Dungeons of Doom on dungeon level 3 with 3102 points, and 247 pieces of gold, after 1401 moves. You were level 3 with a maximum of 35 hit points when you quit.